 Dungeon Crawl Stone Soup version 0.31-a0-1499-ge0622b2318 (webtiles) character file.

Game seed: 7816833700625364699

2989 jlumianski the Grappler (level 9, -1/68 HPs)
             Began as a Gnoll Shapeshifter on Dec 30, 2023.
             Was a Follower of Wu Jian.
             Slain by a killer bee (8 damage)
             ... on level 7 of the Dungeon.
             The game lasted 00:28:48 (7279 turns).

jlumianski the Grappler (Gnoll Shapeshifter)        Turns: 7279, Time: 00:28:48

Health: -1/68      AC:  5    Str: 17    XL:     9   Next: 83%
Magic:  16/16      EV: 14    Int: 10    God:    Wu Jian [*.....]
Gold:   320        SH:  0    Dex: 12    Spells: 17/17 levels left

rFire   . .          .
                       - Unarmed
rCold   . . .        (no shield)
rNeg    + . .        x - +2 leather armour {Will+}
rPois   .            (helmet currently unavailable)
rElec   .            (cloak currently unavailable)
rCorr   .            (gloves currently unavailable)
SInv    .            (boots currently unavailable)
Will    +....        (no amulet)
Stlth   ++           y - ring of positive energy
HPRegen 0.31/turn    (no ring)
MPRegen 0.15/turn

%: no passive effects
@: beast-form
A: beast (slay +4), fangs 1, strong nose, distributed training
a: Begin Untransformation, Renounce Religion


You were on level 7 of the Dungeon.
You worshipped Wu Jian.
Wu Jian was aware of your devotion.
You were a hulking beast.
You visited 2 branches of the dungeon, and saw 8 of its levels.
You also visited: Ossuary.

You collected 320 gold pieces.

Inventory:

Hand Weapons
 I - a +4 trident of draining
 K - a +5 halberd
Missiles
 n - 9 javelins
 p - 20 poisoned darts (quivered)
 A - 6 silver javelins
 B - 3 boomerangs
Armour
 a - a +0 animal skin
 i - a +0 ring mail
 o - a +0 chain mail
 q - a +1 hat
 r - an orb of light
 x - a +2 leather armour of willpower (worn)
 G - a +0 pair of gloves
 J - an orb of guile
Jewellery
 y - a ring of positive energy (left hand)
 E - a ring of fire
 H - a ring of fire
Talismans
 c - a beast talisman
 d - a flux talisman
Scrolls
 h - 2 scrolls of fear
 l - a scroll of torment
 s - a scroll of butterflies
 v - a scroll of enchant weapon
 C - a scroll of vulnerability {unknown}
 D - a scroll of amnesia {unknown}
 F - a scroll of noise
 L - a scroll of teleportation
 M - 2 scrolls of immolation
Potions
 b - 2 potions of lignification
 e - 3 potions of brilliance
 f - 2 potions of degeneration
 g - 4 potions of haste
 j - a potion of heal wounds
 k - a potion of resistance
 m - a potion of curing
 t - 3 potions of mutation
 u - a potion of might
 w - 2 potions of enlightenment
 z - a potion of attraction
 N - a potion of berserk rage {unknown}


   Skills:
 + Level 5.5 Fighting
 + Level 4.8 Short Blades
 + Level 4.8 Long Blades
 + Level 4.8 Axes
 + Level 4.8 Maces & Flails
 + Level 4.8 Polearms
 + Level 4.8 Staves
 + Level 4.8 Ranged Weapons
 + Level 4.8 Throwing
 + Level 4.8 Armour
 + Level 6.7 Dodging
 + Level 4.8 Stealth
 + Level 4.8 Shields
 + Level 8.2 Unarmed Combat
 + Level 4.8 Spellcasting
 + Level 4.0 Conjurations
 + Level 4.0 Hexes
 + Level 4.0 Summonings
 + Level 4.0 Necromancy
 + Level 4.0 Translocations
 + Level 4.0 Fire Magic
 + Level 4.0 Ice Magic
 + Level 4.0 Air Magic
 + Level 4.0 Earth Magic
 + Level 4.0 Alchemy
 + Level 5.3 Invocations
 + Level 4.8 Evocations
 + Level 7.9 Shapeshifting


You had 17 spell levels left.
You didn't know any spells.
Your spell library contained the following spells:

 Spells                   Type           Power      Damage    Failure   Level
 Dazzling Flash           Conj/Hex       20%        N/A       16%         3
 Inner Flame              Hex/Fire       10%        N/A       16%         3
 Volatile Blastmotes      Fire/Tloc      20%        2d11      16%         3
 Flame Wave               Conj/Fire      10%        2d6       47%         4
 Sticky Flame             Fire/Alch      10%        2d5       47%         4
 Starburst                Conj/Fire      5%         6d4       100%        6
 Maxwell's Capacitive Co  Air            5%         ∞         100%        8


Dungeon Overview and Level Annotations

Branches:
Dungeon (7/15)             Temple (1/1) D:4         Ossuary (visited)

Altars:
Cheibriados
Dithmenos
Elyvilon
Fedhas
Gozag
Hepliaklqana
Kikubaaqudgha
Makhleb
Qazlal
Sif Muna
Vehumet
Wu Jian
Yredelemnul
Zin
The Shining One

Shops:
D:3 (   D:7 =


Innate Abilities, Weirdness & Mutations

You are a hulking beast.
Your limbs bulge with bestial killing power. (Slay +4)
You have very sharp teeth.
Your uncanny sense of smell can sniff out nearby items.
Your experience applies equally to all skills.


Message History

You feel sick.
The killer bee attacks as it pursues you!
The killer bee stings you but does no damage. x2
You feel sick.
The killer bee attacks as it pursues you!
The killer bee misses you. The killer bee stings you.
* * * LOW HITPOINT WARNING * * *
You are more poisoned.
The killer bee poisons you!
You feel very sick. The killer bee stings you!
* * * LOW HITPOINT WARNING * * *
You are more poisoned.
The killer bee poisons you!
* * * LOW HITPOINT WARNING * * *
You feel very sick. The killer bee completely misses you.
You feel better. The killer bee stings you.
* * * LOW HITPOINT WARNING * * *
The killer bee stings you but does no damage.
The killer bee stings you but does no damage.
You feel better. The killer bee misses you. The killer bee stings you.
* * * LOW HITPOINT WARNING * * *
You are poisoned.
The killer bee poisons you!
You feel better.
The killer bee stings you but does no damage.
The killer bee misses you.
You punch the killer bee! Your punch misses the killer bee.
The killer bee is heavily wounded.
The killer bee misses you.
You barely miss the killer bee. Your bite misses the killer bee.
The killer bee is heavily wounded.
The killer bee misses you. The killer bee closely misses you.
You barely miss the killer bee.
The killer bee is heavily wounded.
The killer bee stings you!
* * * LOW HITPOINT WARNING * * *
The killer bee stings you!
You die...

###############
#.ooyh....<...#
##.########.##.# #..>.#
####'##+#### #..#o#
#...(.......
.......#..#.###...........
.......####.#.............
......? #...#.#.##########
....... #.#.#.#.# .......
#.#o..#.#


You could see a killer bee and 2 orcs.

Vanquished Creatures
  Jeremiah (D:6)
  A wyvern (D:7)
  2 sky beasts
  3 ice beasts
  2 ogres (D:4)
  A black bear (D:6)
  A centaur (D:7)
  A weeping skull (Ossuary)
  2 elf zombies (Ossuary)
  2 kobold brigands (D:6)
  2 bullfrogs
  2 scorpions
  2 burial acolytes (Ossuary)
  3 wights (D:6)
  5 killer bees (D:7)
  2 jellies
  2 orc priests (D:3)
  A bombardier beetle (D:4)
  4 hounds
  5 iguanas
  2 hound zombies (Ossuary)
  2 mummies (Ossuary)
  11 adders
  3 ribbon worms
  A river rat (D:4)
  A shadow imp (D:6)
  A white imp (D:4)
  2 ufetubi (D:6)
  9 dart slugs
  17 orcs
  13 ball pythons
  7 bats
  9 endoplasms
  3 giant cockroaches
  6 goblins
  3 hobgoblins
  A jackal (D:4)
  7 quokkas
  6 frilled lizards
  4 gnoll zombies (Ossuary)
  A goblin zombie (D:4)
  25 kobolds
  2 orc zombies (Ossuary)
  4 rats
  A rat zombie (D:4)
185 creatures vanquished.

Notes
Turn   | Place    | Note
-------+----------+-------------------------------------------
     0 | D:1      | jlumianski the Gnoll Shapeshifter began the quest for the
                  | Orb.
     0 | D:1      | Reached XP level 1. HP: 17/17 MP: 1/1
    88 | D:1      | Reached XP level 2. HP: 23/23 MP: 2/2
   216 | D:2      | Reached XP level 3. HP: 28/28 MP: 3/3
   321 | D:1      | Reached skill level 1 in Invocations
   524 | D:1      | Reached skill level 1 in Short Blades
   524 | D:1      | Reached skill level 1 in Long Blades
   524 | D:1      | Reached skill level 1 in Axes
   524 | D:1      | Reached skill level 1 in Maces & Flails
   524 | D:1      | Reached skill level 1 in Polearms
   524 | D:1      | Reached skill level 1 in Staves
   524 | D:1      | Reached skill level 1 in Ranged Weapons
   524 | D:1      | Reached skill level 1 in Throwing
   524 | D:1      | Reached skill level 1 in Armour
   524 | D:1      | Reached skill level 1 in Stealth
   524 | D:1      | Reached skill level 1 in Shields
   524 | D:1      | Reached skill level 1 in Spellcasting
   524 | D:1      | Reached skill level 1 in Evocations
   982 | D:2      | Reached XP level 4. HP: 34/34 MP: 5/5
  1019 | D:2      | Found a faded altar of an unknown god.
  1177 | D:2      | Reached skill level 1 in Conjurations
  1177 | D:2      | Reached skill level 1 in Hexes
  1177 | D:2      | Reached skill level 1 in Summonings
  1177 | D:2      | Reached skill level 1 in Necromancy
  1177 | D:2      | Reached skill level 1 in Translocations
  1177 | D:2      | Reached skill level 1 in Fire Magic
  1177 | D:2      | Reached skill level 1 in Ice Magic
  1177 | D:2      | Reached skill level 1 in Air Magic
  1177 | D:2      | Reached skill level 1 in Earth Magic
  1177 | D:2      | Reached skill level 1 in Alchemy
  1748 | D:4      | Found a sand-covered staircase.
  1755 | Ossuary  | Entered an ossuary
  1755 | Ossuary  | Noticed a weeping skull
  1755 | Ossuary  | Noticed a weeping skull
  1755 | Ossuary  | Noticed a weeping skull
  1800 | Ossuary  | Reached XP level 5. HP: 38/41 MP: 5/7
  1834 | Ossuary  | Reached XP level 6. HP: 35/47 MP: 8/8
  1894 | Ossuary  | Reached skill level 5 in Dodging
  2226 | Ossuary  | Reached skill level 7 in Unarmed Combat
  2226 | Ossuary  | Reached XP level 7. HP: 52/52 MP: 10/10
  3027 | D:3      | You fall into a shaft and drop 3 floors!
  3090 | D:6      | Noticed Jeremiah
  3378 | D:5      | Entered Level 5 of the Dungeon
  3655 | D:3      | Found Ecacsov's Weapon Emporium.
  3884 | D:4      | Reached XP level 8. HP: 41/60 MP: 12/12
  4548 | D:4      | Found a basalt altar of Yredelemnul.
  5054 | D:4      | Found a staircase to the Ecumenical Temple.
  5061 | Temple   | Entered the Ecumenical Temple
  5068 | Temple   | Became a worshipper of the Wu Jian Council
  6049 | D:6      | Killed Jeremiah
  6050 | D:6      | Reached XP level 9. HP: 31/67 MP: 13/15
  6187 | D:6      | Found a shadowy altar of Dithmenos.
  6187 | D:6      | Found a radiant altar of Vehumet.
  6258 | D:6      | Reached skill level 5 in Fighting
  6549 | D:6      | Reached skill level 8 in Unarmed Combat
  6978 | D:6      | Reached skill level 5 in Invocations
  7229 | D:7      | Found Xeerphyidd's Jewellery Shop.
  7246 | D:7      | Reached * piety under Wu Jian
  7272 | D:7      | HP: 3/68 [poisoned by a killer bee]
  7279 | D:7      | Slain by a killer bee

Illustrated notes

Levels and vault maps discovered:
D:1:      dpeg_arrival_court, layout_loops_ring, minmay_misc_feat_x
D:2:      layout_basic, shapermc_ecumenical_altar_flowoftime
D:3:      layout_basic, serial_shops, shop, kennysheep_big_empty_room,
          minmay_misc_feat_pillars
D:4:      cheibrodos_barr_body, layout_basic, mainiacjoe_overflow_boulevard,
          minmay_temple_entry_nine_rooms, gup_sewer_entry_bubbles,
          enter_ossuary_4, grunt_ministairs_8, hangedman_feature_mirror
D:5:      layout_loops_cross, small_statue_alley_b, dreamdust_princess_bridge,
          dk_noncrumbling_2
D:6:      layout_loops_corners, amethyst_overflow_temple_binary, uniq_jeremiah
D:7:      layout_basic, minmay_shop_enchanted_jewellery
Temple:   nicolae_temple_x_marks_the_god

Skill      XL: |  1  2  3  4  5  6  7  8  9 |
---------------+----------------------------+-----
Invocations    | 1 2 3 4 5 |  5.3
Short Blades   | 1 2 3 4 |  4.8
Long Blades    | 1 2 3 4 |  4.8
Axes           | 1 2 3 4 |  4.8
Maces & Flails | 1 2 3 4 |  4.8
Polearms       | 1 2 3 4 |  4.8
Staves         | 1 2 3 4 |  4.8
Ranged Weapons | 1 2 3 4 |  4.8
Throwing       | 1 2 3 4 |  4.8
Armour         | 1 2 3 4 |  4.8
Stealth        | 1 2 3 4 |  4.8
Shields        | 1 2 3 4 |  4.8
Spellcasting   | 1 2 3 4 |  4.8
Evocations     | 1 2 3 4 |  4.8
Conjurations   | 1 2 3 4 |  4.0
Hexes          | 1 2 3 4 |  4.0
Summonings     | 1 2 3 4 |  4.0
Necromancy     | 1 2 3 4 |  4.0
Translocations | 1 2 3 4 |  4.0
Fire Magic     | 1 2 3 4 |  4.0
Ice Magic      | 1 2 3 4 |  4.0
Air Magic      | 1 2 3 4 |  4.0
Earth Magic    | 1 2 3 4 |  4.0
Alchemy        | 1 2 3 4 |  4.0
Fighting       | 3 4 5 |  5.5
Dodging        | 5 6 |  6.7
Unarmed Combat | 7 8 |  8.2
Shapeshifting  | 7 |  7.9

Action                     |  1- 3 |  4- 6 |  7- 9 || total
---------------------------+-------+-------+-------++-------
  Melee: Unarmed           |    69 |   143 |   332 ||   544
         Bite              |     6 |    23 |    40 ||    69
         Punch             |     2 |     6 |    17 ||    25
  Throw: Javelin           |     1 |       |       ||     1
         Dart              |       |     3 |     4 ||     7
         Boomerang         |       |       |    17 ||    17
Ability: Lunge             |       |       |    14 ||    14
    Use: Potion            |     1 |     1 |     6 ||     8
         Scroll            |       |     6 |    10 ||    16
 Armour: Animal skin       |    13 |       |       ||    13
         Ring mail         |    24 |       |       ||    24
         Chain mail        |       |    76 |   205 ||   281
         Leather armour    |       |       |    46 ||    46
  Dodge: Dodged            |    48 |    38 |   133 ||   219

Table legend: (Time is in decaauts)
 A = Elapsed time spent in this place.
 B = Non-inter-level travel time spent in this place.
 C = Inter-level travel time spent in this place.
 D = Time resting spent in this place.
 E = Time spent auto-exploring this place.
 F = Levels seen in this place.
 G = Mean time per level.
                   A        B        C        D        E       F      G
               +--------+--------+--------+--------+--------+-----+--------+
         Total |   7255 |   7121 |    134 |    505 |   3736 |   9 |  806.1 |
       Dungeon |   6635 |   6501 |    134 |    406 |   3728 |   7 |  947.9 |
        Temple |     14 |     14 |      0 |      0 |      0 |   1 |   14.0 |
       Ossuary |    605 |    605 |      0 |     99 |      8 |   1 |  605.0 |
               +--------+--------+--------+--------+--------+-----+--------+

Top non-repeatable levels by time:
     D:4: 1750 daAuts
     D:6: 1522 daAuts
     D:1: 844 daAuts
     D:2: 768 daAuts
     D:3: 764 daAuts
     D:5: 747 daAuts
 Ossuary: 605 daAuts
     D:7: 239 daAuts
  Temple: 14 daAuts
